 Dungeon Crawl Stone Soup version 0.20-a0-920-gb18bc0f (webtiles) character file.

158 Hide the Sneak (level 5, -4/36 HPs)
             Began as an Octopode Monk on Mar 26, 2017.
             Killed by divine providence
             ... invoked by an orc priest
              (12 damage)
             ... on level 3 of the Dungeon.
             The game lasted 00:11:59 (3479 turns).

Hide the Sneak (Octopode Monk)                      Turns: 3479, Time: 00:11:59

Health: -4/36      AC:  1    Str: 11    XL:     5   Next: 40%
Magic:  5/5        EV: 15    Int: 12    God:
Gold:   74         SH:  0    Dex: 15    Spells: 4/4 levels left

rFire    . . .     SeeInvis .     - Unarmed
rCold    . . .     Gourm    .   (no shield)
rNeg     . . .     Faith    .   (helmet restricted)
rPois    .         Spirit   .   b - amulet of rage
rElec    .         Reflect  .   f - ring of flight (curse)
rCorr    .         Harm     .   (no ring)
MR       .....                  (no ring)
Stlth    ++++......             (no ring)
Regen    0.2/turn               (no ring)
MPRegen  0.1/turn               (no ring)
                                (no ring)
                                (no ring)

@: no status effects
A: almost no armour, stealthy swim, amphibious, 8 rings, constrict 8, camouflage
1, gelatinous body 1
a: Evoke Berserk Rage, Evoke Flight


You were on level 3 of the Dungeon.
You were hungry.

You visited 1 branch of the dungeon, and saw 3 of its levels.

You collected 74 gold pieces.

Inventory:

Jewellery
 b - an amulet of rage (around mantle)
 f - a cursed ring of flight (left tentacle)
Wands
 i - a wand of iceblast (10/15)
Scrolls
 c - a scroll of enchant weapon
 e - 2 scrolls of magic mapping
 g - a scroll of teleportation
 h - a scroll of amnesia {unknown}
 l - a scroll of immolation {unknown}
Potions
 j - a potion of berserk rage {unknown}
 k - a potion of agility {unknown}
Comestibles
 a - 2 bread rations
 d - a meat ration


   Skills:
 + Level 3.5 Fighting
 + Level 3.5 Dodging
 + Level 4.6 Stealth
 + Level 4.4 Unarmed Combat


You had 4 spell levels left.
You didn't know any spells.

Dungeon Overview and Level Annotations

Branches:
Dungeon (3/15)

Altars:
Cheibriados
Ru

Annotations:
D:3 Reagan's ghost, amateur TeCj; Sigmund


Innate Abilities, Weirdness & Mutations

You cannot wear most types of armour.
You are very stealthy in the water. (Stealth+)
You are amphibious.
You can wear up to eight rings at the same time.
You can use your tentacles to constrict eight enemies at once.
Your skin changes colour to match your surroundings (Stealth+).
Your rubbery body absorbs attacks. (AC +1, EV +1)


Message History

The adder misses you.
You tentacle-slap the orc priest. You squeeze the orc priest!
The orc priest is severely wounded.
You constrict the orc priest.
The orc priest miscasts a cantrip.
The orc priest closely misses you. The adder misses you.
An orc priest comes into view.
It is wielding a falchion of electrocution.
You tentacle-slap the orc priest but do no damage.
The orc priest is almost dead.
You constrict the orc priest. The orc priest hits you with a club.
The adder misses you. The orc priest completely misses you.
An orc comes into view. It is wielding a whip.
You release your grip on the orc priest.
The orc priest mumbles some strange prayers to Beogh against you.
Beogh smites you!
* * * LOW HITPOINT WARNING * * *
The adder closely misses you.
The orc priest invokes the aid of Beogh against you.
Beogh smites you!
You die...

.....>... ..........
... #........# ...
##.......># ....
#..........# .....
##..........#
....###.<...>.....#
......#...........#
#..@..........#
.#.####............##
....<.oSoo..........#
.............##.....#
.............[......#
.....o......##......#
....o.##....##......#
...... ########.....#
w..... ........


You could see 3 orc priests, an orc wizard, an adder and an orc.

Vanquished Creatures
  A bullfrog (D:3)
  2 adders (D:2)
  An adder zombie (D:1)
  A worm (D:2)
  A dart slug (D:2)
  2 leopard geckos (D:1)
  3 bats
  2 giant cockroaches
  8 goblins
  14 hobgoblins
  8 jackals
  8 kobolds
  A quokka (D:3)
  2 ball pythons
  2 frilled lizards
  A quokka zombie (D:1)
  6 rats
63 creatures vanquished.

Notes
Turn   | Place    | Note
-------+----------+-------------------------------------------
     0 | D:1      | Hide the Octopode Monk began the quest for the Orb.
     0 | D:1      | Reached XP level 1. HP: 16/16 MP: 1/1
   266 | D:1      | Reached XP level 2. HP: 21/21 MP: 2/2
   551 | D:1      | Reached XP level 3. HP: 23/26 MP: 3/3
  1572 | D:2      | Reached XP level 4. HP: 31/31 MP: 4/4
  2203 | D:2      | Found a sacrificial altar of Ru.
  2307 | D:2      | Found a snail-covered altar of Cheibriados.
  2776 | D:3      | Noticed Reagan's ghost (amateur TeCj)
  2898 | D:3      | Noticed Sigmund
  2900 | D:3      | Noticed a bullfrog
  3475 | D:3      | Killed a bullfrog
  3475 | D:3      | Reached XP level 5. HP: 26/36 MP: 5/5
  3479 | D:3      | Killed from afar by an orc priest

Vault maps used:
D:1:      saegor_arrival_fortress, hex_large
D:2:      nicolae_ru_path_of_blood, lemuel_crystal_altar, minmay_goblin_outpost
D:3:      first_bread, chequers_ecumenical_altar_simple_redux, uniq_sigmund,
          uniq_natasha

Skill      XL: |  1  2  3  4 |
---------------+-------------+-----
Stealth        | 3 4 |  4.6
Unarmed Combat | 4 |  4.4
Fighting       | |  3.5
Dodging        | |  3.5

Action                   |  1- 3 |  4- 6 || total
-------------------------+-------+-------++-------
Melee: Unarmed           |    93 |    52 ||   145
       Constrict         |    29 |    14 ||    43
       Tentacles         |    20 |    13 ||    33
       Punch             |       |     2 ||     2
  Use: Scroll            |     6 |     2 ||     8
 Stab: Sleeping          |    10 |     5 ||    15
  Eat: Chunk             |     1 |     6 ||     7
Armor: Skin              |     4 |     2 ||     6
Dodge: Dodged            |    52 |    51 ||   103
